Map: Void Zone

Players

A.I. 7 (Harder)

  • Race: Zerg Zerg
  • Spawn Location: 1:00

A.I. 6 (Harder)

  • Race: Zerg Zerg
  • Spawn Location: 1:00

A.I. 5 (Harder)

  • Race: Zerg Zerg
  • Spawn Location: 11:00

A.I. 4 (Harder)

  • Race: Zerg Zerg
  • Spawn Location: 1:00

Raynar - Winner!

  • Race: Protoss Protoss
  • Spawn Location: 5:00

TNF - Winner!

  • Race: Protoss Protoss
  • Spawn Location: 7:00

Farkwad - Winner!

  • Race: Zerg Zerg
  • Spawn Location: 5:00

Throwfordays - Winner!

  • Race: Zerg Zerg
  • Spawn Location: 5:00

VOD

Have the link to the VOD?

Description

Time

  • Played on: May 9, 2020, 11:01 p.m.
  • Length: 16:56
Show
View Real Time Build Order
Export as new Build Order

A.I. 7 (Harder) Zerg 

Build Orders: 1 Base Baneling Bust, Pool First, Muta Ling Bane 

Get SALT Encoding   

  12  0:01  Drone  
  13  0:12  Overlord  
  13  0:17  Drone  
  14  0:30  Drone  
  14  0:31  Drone  
  16  0:42  Spawning Pool  
  16  0:45  Drone  
  17  0:50  Drone  
  17  0:52  Extractor  
  17  0:55  Drone  
  17  1:06  Overlord  
  17  1:30  Queen  
  17  1:31  Zergling x2  
  20  1:36  Roach Warren  
  20  1:38  Zergling x2, Drone  
  21  1:42  Extractor  
  20  1:49  Drone  
  21  2:00  Drone  
  22  2:10  Overlord  
  22  2:21  Drone  
  23  2:32  Roach  
  25  2:37  Drone  
  25  2:38  Roach  
  25  2:39  Overlord  
  28  2:45  Roach  
  30  2:54  Drone  
  30  2:56  Baneling Nest  
  30  3:00  Ravager  
  31  3:06  Roach  
  31  3:08  Drone  
  31  3:09  Drone  
  31  3:12  Ravager, Drone  
  37  3:14  Ravager  
  37  3:17  Roach  
  40  3:28  Overlord  
  40  3:39  Roach  
  40  3:40  Evolution Chamber  
  42  3:41  Drone x2  
  42  3:45  Roach  
  45  3:51  Drone  
  46  4:01  Drone  
  47  4:50  Baneling, Overlord  
  47  4:52  Zerg Melee Weapons Level 1  
  47  4:55  Lair, Zergling x2  
  48  5:00  Zergling x2  
  48  5:12  Zergling x2, Baneling  
  49  5:17  Zergling x2  
  50  5:24  Zergling x2  
  50  5:26  Overlord  
  51  5:33  Zergling x2  
  52  5:43  Metabolic Boost  
  52  5:54  Spire  
  51  6:14  Spore Crawler, Drone  
  51  6:24  Spore Crawler  
  51  6:25  Drone  
  51  6:34  Queen  
  53  6:46  Zerg Ground Armor Level 1  
  53  6:49  Spine Crawler  
  53  6:53  Spine Crawler  
  51  6:54  Drone  
  51  6:55  Baneling  
  51  6:58  Hatchery  
  51  6:59  Drone  
  51  7:00  Zergling x2, Baneling  
  53  7:08  Mutalisk  
  53  7:11  Burrow  
  53  7:13  Mutalisk  
  57  7:18  Mutalisk  
  59  7:28  Centrifical Hooks  
  58  7:44  Zergling x2  
  58  7:49  Zergling x2  
  55  7:51  Overlord  
  55  7:54  Zergling x2  
  56  7:59  Zergling x2  
  56  8:05  Zergling x2  
  57  8:10  Zergling x2  
  57  8:11  Drone  
  57  8:12  Drone x2  
  61  8:13  Drone  
  61  8:19  Mutalisk  
  64  8:20  Drone  
  64  8:21  Drone  
  64  8:22  Drone  
  64  8:23  Drone  
  68  8:32  Drone  
  68  8:33  Drone  
  70  8:39  Extractor  
  70  8:40  Zerg Missile Weapons Level 1  
  69  8:42  Drone  
  69  8:44  Mutalisk  
  72  8:50  Overlord  
  72  8:51  Mutalisk  
  72  8:54  Hydralisk Den  
  73  9:05  Evolution Chamber  
  70  9:21  Extractor  
  69  9:24  Hydralisk  
  69  9:26  Lurker Den  
  69  9:27  Drone  
  71  9:43  Overseer x2  
  71  9:47  Hydralisk  
  73  10:06  Infestation Pit  
  72  10:07  Drone  
  73  10:24  Lurker  
  73  10:26  Hydralisk  
  76  10:35  Pneumatized Carapace  
  76  10:39  Lurker  
  76  10:42  Hatchery, Hydralisk  
  77  10:43  Drone  
  77  10:49  Infestor  
  79  10:52  Overseer  
  79  10:56  Hydralisk  
  81  10:57  Overlord  
  81  11:04  Hydralisk  
  85  11:11  Hydralisk  
  85  11:17  Hydralisk  
  87  11:20  Hive  
  73  11:34  Corruptor  
  57  11:56  Drone  
  57  11:57  Drone  
  57  12:01  Overseer  
  56  12:13  Hydralisk  
  58  12:20  Extractor  
  58  12:21  Hydralisk  
  52  12:24  Drone  
  52  12:29  Roach  
  55  12:31  Greater Spire  
  55  12:35  Drone  
  55  12:36  Zergling x2  
  50  12:38  Overseer  
  50  12:43  Roach  
  52  12:45  Zergling x2  
  53  12:52  Hydralisk  
  55  12:59  Hydralisk  
  55  13:02  Hydralisk  
  60  13:05  Roach  
  60  13:08  Roach  
  60  13:10  Roach  
  60  13:12  Roach  
  66  13:14  Roach  
  68  13:26  Overlord  
  68  13:30  Drone  
  69  13:34  Roach  
  69  13:37  Roach  
  69  13:40  Roach  
  73  13:44  Roach x2, Hydralisk  
  71  13:49  Roach  
  71  13:54  Overlord  
  68  13:57  Corruptor  
  54  14:09  Hydralisk  
  50  14:15  Hydralisk  
  52  14:18  Zergling x2  
  52  14:21  Roach  
  52  14:24  Roach  
  57  14:26  Roach  
  57  14:28  Roach  
  57  14:30  Hydralisk  
  57  14:31  Roach  
  61  14:33  Roach  
  61  14:38  Overlord  
  63  14:43  Hydralisk  
  65  14:48  Hydralisk  
  64  14:52  Hydralisk  
  64  14:57  Roach  
  56  15:01  Roach  
  56  15:05  Roach  
  58  15:09  Roach  
  58  15:12  Drone  
  55  15:14  Hydralisk  
  55  15:21  Hydralisk  
  51  15:22  Overlord  
  24  15:44  Drone  
  9  16:18  Drone  
  9  16:21  Hydralisk  
  14  16:35  Zergling x4, Drone, Roach  
  14  16:36  Overlord  
  25  16:42  Overseer  
Show
View Real Time Build Order
Export as new Build Order

A.I. 6 (Harder) Zerg 

Build Orders: 1 Base Baneling Bust, Pool First 

Get SALT Encoding   

  12  0:01  Drone  
  13  0:12  Overlord  
  13  0:17  Drone  
  14  0:30  Drone  
  14  0:31  Drone  
  14  0:34  Drone  
  17  0:48  Spawning Pool  
  17  0:49  Drone  
  17  0:55  Drone  
  17  0:56  Extractor  
  17  1:06  Drone  
  18  1:17  Overlord  
  18  1:28  Drone  
  19  1:37  Queen  
  19  1:38  Zergling x2  
  22  1:42  Roach Warren  
  21  1:49  Drone  
  21  1:51  Extractor  
  21  1:58  Baneling Nest  
  21  2:00  Drone  
  21  2:10  Drone  
  22  2:21  Zergling x2  
  23  2:32  Drone  
  24  2:42  Baneling  
  24  2:43  Baneling, Overlord  
  24  2:53  Roach  
  26  3:02  Overlord  
  26  3:03  Roach  
  26  3:05  Drone  
  29  3:13  Lair  
  29  3:16  Roach  
  31  3:26  Roach  
  33  3:29  Drone  
  33  3:32  Drone  
  35  3:36  Drone  
  36  3:47  Drone, Overlord  
  37  3:50  Drone  
  37  3:55  Roach  
  40  4:05  Roach  
  42  4:13  Hydralisk Den  
  42  4:15  Roach  
  43  4:19  Drone, Overlord  
  44  4:25  Roach  
  46  4:37  Evolution Chamber  
  45  4:42  Drone, Hydralisk  
  48  4:52  Hydralisk  
  50  5:02  Hydralisk  
  50  5:03  Zerg Ground Armor Level 1  
  52  5:12  Hydralisk  
  54  5:24  Burrow  
  56  5:28  Overlord, Roach  
  56  5:38  Roach  
  58  5:48  Overlord, Roach  
  60  5:58  Roach  
  62  6:08  Roach, Overlord  
  64  6:19  Roach  
  66  6:28  Spore Crawler  
  66  6:29  Roach  
  66  6:30  Hatchery  
  66  6:39  Roach  
  68  6:48  Hydralisk  
  68  6:52  Spore Crawler, Drone  
  70  6:57  Zerg Melee Weapons Level 1  
  70  6:58  Overseer x2, Hydralisk  
  72  7:01  Queen  
  72  7:08  Overlord, Hydralisk  
  76  7:17  Spine Crawler  
  76  7:18  Drone, Hydralisk  
  78  7:27  Spine Crawler  
  78  7:29  Drone  
  78  7:37  Infestation Pit  
  78  7:38  Drone  
  78  7:42  Drone  
  78  7:44  Drone  
  80  7:47  Drone  
  81  7:53  Drone  
  82  7:59  Drone x2  
  82  8:02  Drone  
  82  8:03  Drone  
  85  8:08  Drone  
  86  8:13  Drone  
  86  8:15  Drone  
  86  8:19  Drone  
  89  8:24  Overlord  
  89  8:27  Drone  
  89  8:30  Drone  
  89  8:33  Drone  
  92  8:40  Zergling x2  
  93  8:47  Spore Crawler  
  92  8:49  Drone  
  92  8:51  Spore Crawler, Zerg Missile Weapons Level 1  
  92  8:52  Drone  
  93  8:57  Queen  
  95  9:08  Spire  
  94  9:19  Hatchery  
  93  9:35  Hive  
  93  9:47  Overlord  
  92  9:52  Evolution Chamber  
  92  9:53  Zergling x2  
  73  10:06  Extractor  
  42  10:07  Overseer  
  42  10:08  Extractor  
  41  10:20  Corruptor  
  43  10:39  Infestor  
  43  10:42  Extractor  
  44  10:44  Extractor  
  44  10:49  Pneumatized Carapace  
  43  10:50  Greater Spire  
  43  11:06  Drone x2  
  43  11:07  Drone x3  
  43  11:08  Drone  
  49  11:14  Overseer  
  49  11:23  Drone  
  50  11:26  Drone  
  50  11:28  Drone  
  50  11:30  Drone  
  53  11:33  Drone  
  53  11:36  Drone  
  53  11:38  Drone  
  56  11:41  Overseer  
  56  11:43  Drone  
  56  11:45  Zergling x2  
  57  11:50  Drone  
  57  11:52  Overseer  
  57  11:53  Drone  
  59  11:55  Drone  
  59  11:57  Drone  
  59  11:58  Corruptor  
  59  11:59  Drone  
  65  12:01  Drone  
  65  12:03  Drone  
  64  12:08  Infestor  
  64  12:09  Drone  
  64  12:12  Drone  
  64  12:15  Drone x2  
  70  12:17  Drone  
  70  12:18  Corruptor  
  70  12:19  Drone  
  70  12:21  Drone  
  75  12:24  Overlord  
  75  12:27  Infestor  
  75  12:29  Zerg Melee Weapons Level 2  
  77  12:37  Corruptor, Brood Lord  
  77  12:38  Brood Lord  
  83  12:47  Corruptor  
  83  12:50  Zerg Ground Armor Level 2  
  87  13:06  Roach  
  87  13:08  Overlord, Spine Crawler, Roach  
  87  13:09  Hatchery  
  87  13:11  Roach  
  91  13:13  Roach  
  91  13:15  Hydralisk  
  91  13:17  Hydralisk  
  95  13:20  Roach  
  95  13:23  Roach  
  95  13:25  Roach  
  101  13:27  Roach  
  101  13:28  Overlord  
  101  13:29  Hydralisk  
  101  13:31  Hydralisk  
  101  13:34  Swarm Host  
  103  13:37  Roach  
  108  13:46  Overlord  
  108  13:47  Roach  
  110  13:50  Roach  
  110  13:53  Roach  
  112  14:00  Hydralisk  
  112  14:04  Overlord, Roach x2  
  112  14:06  Roach  
  116  14:17  Pathogen Glands  
  116  14:18  Overlord  
  116  14:21  Roach  
  103  14:24  Roach  
  103  14:26  Roach  
  103  14:28  Roach, Hydralisk  
  103  14:29  Zergling x4  
  100  14:32  Roach  
  100  14:34  Roach  
  100  14:36  Hydralisk  
  98  14:38  Hydralisk  
  98  14:41  Hydralisk  
  98  14:43  Drone  
  98  14:44  Roach  
  98  14:45  Hydralisk  
  94  14:46  Drone, Roach  
  94  14:47  Hydralisk  
  94  14:48  Roach  
  94  14:50  Infestor  
  94  14:51  Overlord  
  98  14:53  Drone, Roach  
  98  14:54  Drone  
  98  14:55  Roach  
  98  14:58  Drone  
  93  15:02  Overlord  
  85  15:09  Roach  
  85  15:10  Zergling x2, Drone  
  85  15:11  Zergling x2  
  85  15:12  Zergling x2  
  76  15:16  Overseer  
  76  15:17  Drone  
  66  15:26  Drone  
  42  15:29  Drone  
  42  15:33  Queen  
  42  15:35  Drone x2  
  13  16:23  Hatchery  
Show
View Real Time Build Order
Export as new Build Order

A.I. 5 (Harder) Zerg 

Build Orders: 1 Base Baneling Bust, Pool First, Zergling Baneling 

Get SALT Encoding   

  12  0:01  Drone  
  13  0:12  Overlord  
  13  0:17  Drone  
  14  0:30  Drone  
  14  0:31  Drone  
  16  0:43  Spawning Pool  
  16  0:46  Drone  
  17  0:50  Drone  
  17  0:53  Extractor  
  17  0:55  Drone  
  17  1:06  Overlord  
  17  1:31  Zergling x4, Queen  
  21  1:37  Roach Warren  
  21  1:38  Drone  
  21  1:44  Extractor  
  20  1:49  Drone  
  20  1:52  Baneling Nest  
  20  2:00  Drone  
  21  2:10  Drone  
  22  2:21  Zergling x2  
  23  2:32  Drone  
  23  2:36  Baneling x2  
  23  2:37  Baneling  
  24  2:38  Zergling x4, Baneling, Overlord  
  24  2:44  Zergling x2  
  27  2:54  Drone  
  27  2:58  Metabolic Boost  
  28  3:05  Zergling x2  
  28  3:11  Zergling x6  
  32  3:19  Overlord  
  32  3:28  Zergling x2, Baneling  
  32  3:31  Baneling  
  33  3:36  Baneling  
  33  3:38  Zergling x2  
  33  3:39  Baneling  
  34  3:42  Zergling x2  
  34  3:43  Drone  
  34  3:46  Drone  
  37  3:50  Drone  
  38  4:01  Drone, Evolution Chamber  
  38  4:12  Drone  
  38  4:13  Drone  
  38  4:14  Overlord  
  40  4:18  Drone  
  40  4:24  Roach  
  43  4:34  Lair  
  43  4:49  Roach  
  45  5:00  Overlord  
  45  5:16  Zerg Melee Weapons Level 1  
  45  5:34  Hydralisk Den  
  44  6:03  Hydralisk  
  46  6:07  Lurker Den  
  46  6:08  Drone  
  46  6:11  Hydralisk  
  46  6:13  Centrifical Hooks  
  48  6:30  Spore Crawler  
  47  6:33  Burrow  
  47  6:35  Spore Crawler  
  47  6:38  Hatchery, Roach  
  47  6:40  Drone  
  47  6:46  Roach  
  50  6:53  Hydralisk  
  52  7:01  Hydralisk  
  52  7:06  Spine Crawler  
  52  7:07  Drone  
  54  7:10  Zerg Ground Armor Level 1, Lurker, Hydralisk  
  54  7:11  Overlord  
  57  7:19  Hydralisk  
  59  7:33  Spine Crawler  
  58  7:40  Lurker  
  59  7:47  Hydralisk  
  59  7:48  Queen  
  59  7:49  Overlord  
  63  7:51  Drone  
  63  7:57  Drone  
  65  8:03  Drone  
  65  8:07  Drone  
  65  8:10  Drone  
  67  8:13  Drone  
  67  8:18  Drone  
  69  8:20  Drone  
  70  8:27  Drone, Evolution Chamber  
  70  8:30  Overseer  
  70  8:33  Overseer  
  70  8:38  Pneumatized Carapace  
  70  8:49  Overseer  
  70  8:55  Extractor, Drone  
  70  8:57  Roach  
  70  9:02  Roach, Overlord  
  74  9:11  Hatchery  
  74  9:15  Drone  
  74  9:17  Ravager  
  74  9:20  Roach  
  78  9:24  Ravager  
  78  9:25  Roach  
  80  9:35  Ravager  
  80  9:38  Overlord, Roach  
  83  9:43  Hydralisk  
  85  9:49  Hydralisk  
  85  9:50  Extractor  
  85  9:52  Drone  
  87  9:55  Hydralisk  
  89  10:01  Overlord  
  89  10:10  Roach  
  89  10:12  Hydralisk  
  89  10:14  Roach  
  87  10:18  Roach  
  85  10:21  Drone, Roach  
  85  10:25  Drone  
  85  10:26  Drone  
  69  10:32  Hydralisk  
  69  10:35  Drone  
  50  10:38  Drone  
  44  10:46  Hydralisk  
  6  11:43  Drone  
  6  11:48  Drone  
  6  11:49  Drone  
  5  12:06  Drone  
Show
View Real Time Build Order
Export as new Build Order

A.I. 4 (Harder) Zerg 

Build Orders: 1 Base Baneling Bust, Pool First, Lurkers 

Get SALT Encoding   

  12  0:01  Drone  
  13  0:12  Overlord  
  13  0:18  Drone  
  14  0:31  Drone x2  
  16  0:44  Spawning Pool  
  16  0:45  Drone  
  16  0:50  Drone  
  16  0:52  Extractor  
  16  0:55  Drone  
  17  1:06  Overlord  
  17  1:31  Queen, Zergling x2  
  20  1:33  Zergling x2  
  20  1:38  Drone  
  20  1:39  Roach Warren  
  21  1:49  Drone  
  22  2:00  Overlord  
  22  2:11  Drone  
  22  2:12  Extractor  
  22  2:21  Drone  
  23  2:32  Drone, Evolution Chamber  
  23  2:38  Drone, Roach  
  23  2:39  Drone  
  23  2:43  Drone  
  28  2:54  Overlord  
  28  2:57  Baneling Nest  
  27  3:01  Ravager  
  27  3:05  Roach  
  30  3:09  Roach  
  30  3:10  Drone x2  
  34  3:17  Drone  
  35  3:27  Drone  
  35  3:29  Ravager  
  37  3:38  Roach  
  39  3:42  Drone, Overlord  
  40  3:57  Lair  
  40  4:07  Zerg Melee Weapons Level 1  
  40  4:55  Spore Crawler  
  40  4:56  Drone  
  40  4:59  Hydralisk Den  
  39  5:01  Drone  
  39  5:03  Spore Crawler  
  39  5:04  Drone  
  40  5:13  Burrow  
  40  5:17  Roach, Overlord  
  42  5:25  Roach  
  44  5:32  Drone, Spine Crawler, Hydralisk  
  46  5:40  Hydralisk  
  46  5:41  Spine Crawler  
  47  5:48  Hydralisk  
  49  5:50  Overseer  
  49  5:56  Hydralisk  
  49  6:01  Overseer, Zerg Ground Armor Level 1  
  49  6:03  Evolution Chamber  
  50  6:05  Drone  
  51  6:19  Infestation Pit  
  51  6:20  Drone  
  51  6:24  Queen  
  53  6:28  Zerg Missile Weapons Level 1  
  53  6:58  Spire  
  52  7:13  Hatchery  
  51  7:34  Lurker Den  
  49  7:59  Zergling x2  
  49  8:18  Pneumatized Carapace  
  49  8:27  Drone x2  
  49  8:28  Drone  
  49  8:29  Drone x2  
  49  8:30  Drone x2  
  49  8:31  Drone  
  57  8:39  Lurker x2  
  59  8:42  Extractor, Hydralisk  
  59  8:43  Drone, Overlord  
  59  8:46  Extractor  
  59  8:47  Drone  
  61  9:01  Overseer, Hydralisk  
  61  9:02  Drone x2  
  65  9:03  Drone x2  
  65  9:09  Hydralisk  
  67  9:10  Overlord  
  67  9:11  Hatchery  
  67  9:16  Hydralisk  
  70  9:19  Drone  
  71  9:28  Drone  
  71  9:29  Drone  
  71  9:30  Drone, Infestor  
  76  9:31  Overlord  
  76  9:39  Drone  
  76  9:43  Drone  
  76  9:44  Drone  
  79  9:47  Drone  
  79  9:50  Drone  
  82  9:52  Lurker  
  82  9:54  Overlord  
  82  9:59  Hydralisk  
  82  10:02  Drone  
  82  10:04  Drone  
  82  10:05  Lurker  
  86  10:07  Zergling x2  
  86  10:13  Overlord  
  86  10:14  Overseer  
  87  10:17  Overlord  
  84  10:22  Overseer  
  84  10:24  Hydralisk  
  80  10:29  Hydralisk  
  80  10:34  Roach  
  77  10:38  Hydralisk  
  74  10:44  Roach  
  74  10:48  Roach  
  74  10:49  Overlord  
  74  10:56  Overseer  
  74  11:08  Roach  
  74  11:09  Overlord  
  76  11:16  Ravager  
  77  11:19  Extractor  
  76  11:29  Overlord  
  76  11:30  Extractor, Hive  
  72  11:42  Zergling x2  
  61  11:48  Hydralisk  
  57  12:04  Swarm Host  
  60  12:09  Hydralisk  
  60  12:14  Hydralisk  
  64  12:17  Overlord  
  64  12:20  Hydralisk  
  58  12:26  Roach  
  60  12:31  Roach  
  60  12:36  Roach  
  64  12:41  Overlord  
  64  12:46  Ultralisk Cavern  
  63  12:59  Overseer  
  63  13:06  Overlord  
  66  13:12  Drone  
  66  13:13  Drone  
  66  13:21  Viper  
  66  13:24  Drone  
  66  13:25  Overlord  
  69  13:29  Drone  
  69  13:33  Ultralisk  
  76  13:38  Ultralisk  
  72  13:48  Hydralisk  
  72  13:54  Overlord  
  70  13:57  Drone  
  65  14:03  Drone x2  
  53  14:13  Overlord  
  46  14:31  Overlord, Hydralisk  
  39  14:36  Roach  
  39  14:38  Spawning Pool  
  26  15:13  Drone  
  23  15:26  Zergling x2, Queen  
  23  15:27  Roach Warren  
  23  15:28  Zergling x2  
  26  15:33  Drone  
  27  15:51  Drone  
  27  15:55  Zergling x2  
  27  16:03  Drone  
  22  16:09  Drone  
  12  16:20  Drone  
Show
View Real Time Build Order
Export as new Build Order

Raynar Protoss - Winner!

Build Orders:  

Get SALT Encoding   

  12  0:01  Probe  
  13  0:13  Probe  
  14  0:19  Pylon  
  14  0:25  Probe  
  15  0:37  Probe  
  15  0:41  Gateway  
  16  0:49  Probe (Chrono Boost)  
  17  1:01  Probe (Chrono Boost)  
  17  1:02  Assimilator  
  18  1:05  Probe (Chrono Boost)  
  19  1:14  Assimilator  
  19  1:16  Probe  
  20  1:24  Pylon  
  20  1:28  Probe  
  20  1:29  Cybernetics Core  
  21  1:34  Forge  
  21  1:46  Probe (Chrono Boost)  
  22  1:56  Probe (Chrono Boost)  
  23  2:01  Probe (Chrono Boost)  
  24  2:13  Probe  
  25  2:24  Nexus  
  25  2:25  Probe  
  26  2:34  Pylon  
  26  2:37  Pylon  
  26  2:53  Pylon  
  26  3:01  Photon Cannon  
  26  3:02  Photon Cannon x2  
  26  3:12  Photon Cannon  
  26  3:19  Photon Cannon  
  26  3:26  Photon Cannon  
  26  3:34  Shield Battery  
  26  3:38  Shield Battery  
  26  3:46  Shield Battery  
  26  3:52  Shield Battery  
  26  4:00  Photon Cannon  
  26  4:09  Photon Cannon  
  26  4:19  Shield Battery  
  26  4:23  Photon Cannon  
  26  4:31  Shield Battery  
  26  4:40  Pylon  
  26  4:45  Photon Cannon  
  26  4:52  Shield Battery  
  26  4:57  Shield Battery  
  26  5:03  Photon Cannon  
  26  5:07  Protoss Shields Level 1 (Chrono Boost)  
  26  5:14  Probe (Chrono Boost)  
  27  5:26  Probe (Chrono Boost)  
  28  5:32  Probe (Chrono Boost)  
  29  5:38  Shield Battery  
  29  5:40  Probe  
  30  5:45  Photon Cannon  
  30  5:52  Probe  
  31  5:57  Photon Cannon  
  31  5:59  Shield Battery  
  31  6:04  Probe (Chrono Boost)  
  32  6:13  Photon Cannon  
  32  6:16  Probe (Chrono Boost)  
  33  6:19  Photon Cannon  
  33  6:20  Probe (Chrono Boost)  
  33  6:23  Shield Battery  
  34  6:31  Probe  
  35  6:36  Shield Battery  
  35  6:43  Probe  
  36  6:50  Stargate  
  36  6:56  Pylon x2  
  36  6:58  Pylon  
  36  7:19  Photon Cannon  
  36  7:25  Photon Cannon  
  36  7:31  Void Ray (Chrono Boost)  
  40  7:43  Protoss Air Weapons Level 1 (Chrono Boost)  
  40  8:05  Photon Cannon  
  40  8:07  Void Ray (Chrono Boost)  
  44  8:26  Twilight Council  
  44  8:32  Pylon  
  44  8:36  Pylon  
  44  8:37  Pylon  
  44  8:39  Pylon  
  44  8:47  Void Ray (Chrono Boost)  
  48  9:10  Photon Cannon  
  48  9:23  Void Ray  
  52  9:25  Shield Battery  
  52  9:28  Photon Cannon  
  52  9:35  Protoss Air Armor Level 1  
  52  9:44  Fleet Beacon  
  52  9:50  Protoss Shields Level 2 (Chrono Boost)  
  52  10:05  Void Ray  
  56  11:09  Probe  
  61  11:16  Assimilator  
  61  11:18  Void Ray (Chrono Boost)  
  61  11:21  Probe  
  61  11:22  Assimilator  
  62  11:33  Probe  
  55  11:58  Void Ray (Chrono Boost)  
  59  12:08  Protoss Shields Level 3 (Chrono Boost)  
  59  12:33  Void Ray (Chrono Boost)  
  63  13:13  Probe  
  63  13:14  Void Ray  
  68  13:25  Probe  
  69  13:38  Probe  
  70  13:50  Probe  
  71  14:02  Probe  
  72  14:30  Void Ray (Chrono Boost)  
  76  14:41  Protoss Air Weapons Level 2 (Chrono Boost)  
  76  15:03  Void Ray (Chrono Boost)  
  80  15:32  Void Ray (Chrono Boost)  
  84  16:09  Void Ray (Chrono Boost)  
Show
View Real Time Build Order
Export as new Build Order

TNF Protoss - Winner!

Build Orders:  

Get SALT Encoding   

  12  0:04  Probe  
  13  0:17  Probe  
  14  0:29  Probe  
  15  0:44  Pylon  
  15  0:50  Assimilator  
  15  0:55  Assimilator  
  15  1:02  Probe  
  16  1:06  Forge  
  16  1:12  Gateway  
  16  1:28  Pylon  
  16  1:41  Nexus  
  16  2:03  Cybernetics Core  
  16  2:08  Pylon  
  16  2:12  Probe  
  17  2:24  Probe  
  18  2:34  Photon Cannon  
  18  2:36  Probe  
  19  2:40  Photon Cannon  
  19  2:48  Probe  
  20  2:52  Photon Cannon  
  20  3:00  Shield Battery  
  20  3:01  Probe  
  20  3:04  Shield Battery  
  21  3:10  Probe  
  22  3:22  Zealot  
  22  3:23  Probe  
  25  3:35  Probe  
  26  3:47  Probe  
  27  3:49  Stalker  
  29  3:56  Probe  
  29  4:00  Probe  
  31  4:08  Probe  
  32  4:12  Photon Cannon  
  32  4:13  Probe  
  33  4:19  Adept  
  33  4:20  Photon Cannon, Probe  
  36  4:25  Probe  
  36  4:27  Protoss Shields Level 1  
  37  4:32  Probe  
  37  4:37  Probe  
  39  4:44  Probe  
  40  4:48  Stargate  
  40  4:49  Probe  
  41  5:04  Assimilator  
  41  5:09  Assimilator  
  41  5:22  Probe  
  42  5:32  Stargate  
  42  5:34  Probe  
  43  5:39  Robotics Facility  
  43  5:46  Probe  
  44  5:57  Void Ray (Chrono Boost)  
  44  5:58  Probe  
  49  6:10  Probe  
  50  6:30  Void Ray (Chrono Boost)  
  54  6:56  Pylon  
  54  7:01  Pylon  
  54  7:06  Pylon  
  54  7:09  Pylon  
  54  7:14  Probe  
  55  7:15  Pylon  
  55  7:16  Immortal  
  59  7:26  Probe  
  59  7:28  Void Ray  
  64  7:31  Void Ray  
  68  7:38  Probe  
  68  7:43  Stalker  
  71  7:50  Probe  
  72  8:02  Probe  
  73  8:11  Protoss Air Weapons Level 1  
  73  8:13  Adept  
  73  8:18  Void Ray  
  83  8:30  Immortal  
  87  8:41  Void Ray  
  87  8:43  Stalker  
  89  8:49  Fleet Beacon  
  89  9:09  Observer, Photon Cannon  
  90  9:14  Photon Cannon  
  90  9:20  Photon Cannon  
  90  9:27  Photon Cannon  
  90  9:32  Photon Cannon  
  90  9:36  Photon Cannon  
  90  9:44  Photon Cannon  
  90  10:03  Tempest (Chrono Boost)  
  93  10:15  Pylon  
  93  10:19  Protoss Air Armor Level 1  
  93  10:25  Pylon  
  93  10:34  Tempest (Chrono Boost)  
  103  10:52  Tempest (Chrono Boost)  
  103  11:06  Tempest  
  106  13:42  Void Ray  
  110  13:54  Pylon  
  108  13:56  Void Ray  
  108  13:58  Pylon  
  108  14:01  Pylon  
  108  14:03  Immortal  
  98  14:25  Tempest  
  103  14:39  Tempest  
  108  15:07  Void Ray  
  112  15:22  Void Ray  
Show
View Real Time Build Order
Export as new Build Order

Farkwad Zerg - Winner!

Build Orders: Pool First 

Get SALT Encoding   

  12  0:41  Extractor  
  11  0:44  Drone x2  
  11  0:45  Overlord  
  13  1:00  Spawning Pool  
  12  1:38  Hatchery  
  12  1:39  Drone  
  12  1:41  Drone x2  
  14  1:47  Queen  
  16  2:05  Drone  
  16  2:06  Overlord  
  17  2:16  Spine Crawler  
  16  2:40  Overlord  
  16  2:42  Zergling x4  
  18  2:55  Drone  
  19  3:33  Spine Crawler  
  18  3:42  Spine Crawler  
  17  4:04  Baneling Nest  
  16  4:11  Extractor  
  16  4:13  Drone x3  
  18  4:24  Zergling x2  
  18  4:25  Zergling x2  
  18  4:26  Overlord  
  18  4:31  Zergling x2  
  21  4:44  Spine Crawler  
  20  4:46  Drone  
  21  4:55  Drone x3, Spine Crawler  
  21  4:58  Queen  
  25  5:07  Baneling  
  25  5:08  Baneling x5  
  25  5:48  Lair  
  25  6:03  Lair  
  25  6:12  Drone x3  
  28  6:58  Spine Crawler  
  28  7:00  Drone x3  
  30  7:21  Centrifical Hooks  
  30  7:42  Spire  
  30  7:43  Drone x4  
  33  8:18  Drone x3  
  36  8:34  Hydralisk Den  
  36  8:40  Drone x2  
  37  8:49  Extractor  
  36  9:01  Spine Crawler  
  35  9:07  Spore Crawler  
  34  9:14  Spine Crawler  
  33  9:21  Spore Crawler  
  32  9:32  Grooved Spines  
  32  9:43  Infestation Pit  
  31  9:55  Drone x3  
  34  10:03  Queen  
  36  10:13  Spore Crawler  
  35  10:18  Spore Crawler  
  31  10:21  Spore Crawler  
  26  11:07  Drone x2  
  26  11:08  Drone x4  
  32  11:13  Hive  
  29  11:34  Spore Crawler  
  29  11:36  Spore Crawler  
  29  11:38  Spore Crawler  
  26  11:41  Spore Crawler  
  26  11:43  Spore Crawler  
  17  11:49  Spore Crawler  
  16  12:07  Corruptor x3  
  22  12:44  Greater Spire  
  22  13:14  Drone x4  
  22  13:15  Hatchery  
  25  13:30  Spore Crawler  
  24  13:56  Spore Crawler  
  24  13:59  Spore Crawler  
  24  14:01  Spore Crawler  
  21  14:11  Spore Crawler  
  20  14:32  Queen  
  20  14:36  Brood Lord  
  20  14:37  Brood Lord  
  26  14:39  Brood Lord  
  26  14:44  Zerg Flyer Weapons Level 1  
  28  14:52  Drone x2  
  30  14:53  Drone  
  30  14:55  Queen  
  33  15:05  Muscular Augments  
  33  15:25  Corruptor  
  33  15:26  Corruptor x2  
  39  15:37  Extractor  
  38  15:46  Lair  
  38  15:49  Drone  
  40  15:50  Drone x2  
  41  16:13  Brood Lord  
  41  16:15  Brood Lord  
  41  16:16  Brood Lord  
Show
View Real Time Build Order
Export as new Build Order

Throwfordays Zerg - Winner!

Build Orders: Pool First, Roach Hydra, Roach Nydus 

Get SALT Encoding   

  12  0:01  Drone  
  13  0:09  Drone  
  14  0:17  Overlord  
  14  0:36  Drone x2  
  14  0:38  Drone  
  17  1:09  Spawning Pool  
  17  1:10  Hatchery, Drone  
  16  1:17  Drone  
  17  1:19  Drone  
  17  1:25  Overlord  
  18  1:35  Extractor  
  18  1:36  Drone  
  18  1:45  Drone  
  19  1:48  Extractor  
  18  1:58  Queen  
  18  2:01  Drone  
  21  2:09  Drone  
  22  2:16  Drone  
  23  2:28  Drone  
  24  2:43  Drone  
  25  2:47  Drone x3  
  25  2:48  Queen  
  30  2:59  Drone  
  30  3:02  Drone  
  32  3:06  Drone  
  33  3:23  Drone x3  
  36  3:28  Evolution Chamber  
  36  3:29  Evolution Chamber  
  34  3:43  Roach Warren  
  33  3:48  Drone  
  33  3:49  Drone x2  
  33  3:54  Zerg Missile Weapons Level 1  
  36  3:55  Zerg Ground Armor Level 1  
  36  4:00  Lair  
  36  4:04  Overlord x2  
  36  4:05  Overlord x2  
  36  4:13  Overlord x2  
  36  4:26  Roach x3  
  42  4:32  Drone  
  42  4:33  Drone x2  
  45  4:40  Roach x3  
  51  4:48  Drone x4  
  55  5:05  Hydralisk Den  
  54  5:12  Roach x2  
  54  5:13  Roach x3  
  64  5:17  Glial Reconstitution  
  64  5:21  Overseer  
  64  5:27  Nydus Network  
  63  5:29  Drone x5  
  63  5:30  Drone  
  63  5:33  Extractor  
  68  5:35  Extractor  
  68  5:37  Drone x2  
  69  5:46  Overlord x2  
  69  5:47  Overlord x2  
  69  6:07  Drone x3, Hatchery  
  69  6:09  Drone x2  
  73  6:16  Roach x2  
  73  6:17  Roach x3  
  83  6:24  Drone  
  84  6:26  Drone  
  85  6:35  Drone  
  86  6:51  Hatchery, Zerg Missile Weapons Level 2  
  86  6:52  Zerg Ground Armor Level 2  
  85  6:56  Grooved Spines  
  85  6:57  Hydralisk  
  87  7:07  Drone x3  
  90  7:33  Hydralisk x7  
  90  7:34  Hydralisk  
  106  7:41  Drone x5  
  106  7:42  Drone  
  113  7:44  Drone x3  
  113  7:45  Queen  
  117  8:11  Muscular Augments  
  117  8:13  Hydralisk x5  
  117  8:19  Drone  
  128  8:22  Overlord  
  128  8:27  Extractor  
  128  8:29  Queen, Extractor  
  128  8:31  Overlord x2  
  128  8:32  Overlord  
  128  8:34  Overlord x2  
  128  8:35  Overlord x3  
  128  8:40  Overlord x5  
  128  8:55  Drone x3  
  131  9:21  Hydralisk x5  
  139  9:49  Nydus Canal  
  132  9:56  Drone x5  
  108  10:58  Overseer  
  98  11:51  Hydralisk x3  
  104  11:56  Hydralisk x4  
  104  11:57  Hydralisk x5  
  124  12:02  Drone x2  
  124  12:03  Drone x3  
  129  12:16  Queen  
  129  12:55  Hydralisk x4  
  129  12:56  Hydralisk  
  139  13:11  Drone x2  
  141  13:13  Hydralisk x3  
  141  13:15  Hatchery  
  141  13:19  Hydralisk x3  
  148  13:24  Hydralisk x3  
  158  13:36  Nydus Canal  
  158  13:59  Nydus Canal, Overseer  
  154  14:49  Infestation Pit  
  153  14:53  Queen  
  153  14:54  Drone x3  
  148  16:03  Hydralisk x4  
  148  16:04  Hydralisk x2  
  154  16:09  Hydralisk x3  
  166  16:14  Hydralisk x2  
  166  16:15  Hydralisk x4  
  178  16:28  Nydus Canal  
Tags
 
Add a new tag
Caveats
  • Supply blocks, unpowered buildings, or Contaminate may cause inaccurate times.
  • Supply counts are checked every 10 seconds.